Map: Lerilak Crest

Players

Beastyqt - Winner!

  • Race: Terran Terran
  • League: Diamond

qxc

  • Race: Terran Terran
  • League: Master

VOD

Have the link to the VOD?

Description

Time

  • Played on: Sept. 5, 2015, 8:12 p.m.
  • Length: 4:42
Show
View Real Time Build Order
Export as new Build Order

Beastyqt Terran - Winner!

Build Orders:  

Get SALT Encoding   

  12  0:01  SCV  
  13  0:13  SCV  
  14  0:17  Supply Depot  
  14  0:23  Refinery  
  14  0:28  SCV  
  15  0:40  SCV  
  16  0:45  Barracks  
  16  0:52  SCV  
  17  1:04  SCV  
  18  1:14  Refinery  
  18  1:16  SCV  
  19  1:32  Orbital Command  
  19  1:33  Reaper  
  20  1:42  Factory  
  20  1:47  Supply Depot  
  20  1:57  SCV  
  21  2:06  Reaper  
  22  2:10  SCV  
  23  2:22  SCV  
  24  2:27  Supply Depot  
  24  2:29  Hellion  
  26  2:32  Starport  
  26  2:35  SCV  
  27  2:38  Reaper  
  28  2:47  SCV  
  28  2:51  Supply Depot, Hellion  
  30  2:59  SCV  
  31  3:09  Supply Depot  
  31  3:10  Reaper  
  31  3:11  SCV  
  31  3:12  Hellion  
  35  3:19  Starport Tech Lab  
  35  3:29  Engineering Bay  
  35  3:37  Banshee  
  38  3:43  Barracks Reactor  
  38  3:45  Factory Tech Lab  
  38  4:03  Command Center  
  38  4:06  Siege Tank  
  41  4:11  Missile Turret  
  41  4:20  Marine x2  
  41  4:21  Missile Turret  
  41  4:24  SCV  
Show
View Real Time Build Order
Export as new Build Order

qxc Terran 

Build Orders:  

Get SALT Encoding   

  12  0:00  SCV  
  13  0:12  SCV  
  14  0:17  Supply Depot  
  14  0:25  SCV  
  15  0:30  Refinery  
  15  0:39  SCV  
  16  0:46  Barracks  
  16  0:51  SCV  
  17  1:03  SCV  
  18  1:15  SCV  
  20  1:33  Marine  
  20  1:34  Orbital Command  
  20  1:40  Supply Depot  
  20  1:45  Factory  
  20  1:50  Refinery  
  20  1:52  Reaper  
  21  2:00  SCV  
  22  2:12  SCV  
  23  2:23  Marine  
  23  2:25  SCV  
  23  2:28  Hellion  
  26  2:33  Starport  
  26  2:37  SCV  
  27  2:42  Barracks Tech Lab  
  27  2:43  Supply Depot  
  27  2:49  SCV  
  27  2:50  Hellion  
  28  3:01  SCV  
  28  3:12  Hellion  
  29  3:17  Barracks Reactor  
  29  3:19  Command Center  
  30  3:23  Banshee  
  32  3:28  SCV  
  35  3:40  SCV  
  34  3:52  SCV  
  34  3:54  Marine x2  
  35  3:57  Supply Depot  
  35  4:04  SCV, Barracks  
  39  4:11  Bunker  
  39  4:19  Marine x2  
  39  4:23  SCV  
  42  4:26  Engineering Bay  
Tags
 
Add a new tag
Caveats
  • Supply blocks, unpowered buildings, or Contaminate may cause inaccurate times.
  • Supply counts are checked every 10 seconds.